 Dungeon Crawl Stone Soup version 0.31.0-4-g52a2dc7128 (webtiles) character file.

Game seed: 8523082735845342286

528 SnakkuSnakku7 the Carver (level 7, 0/50 HPs)
             Began as a Merfolk Earth Elementalist on Jan 22, 2024.
             Slain by an ogre
             ... wielding a +0 giant club
              (17 damage)
             ... on level 5 of the Dungeon.
             The game lasted 00:03:59 (2902 turns).

SnakkuSnakku7 the Carver (MfEE)                     Turns: 2902, Time: 00:04:00

Health: 0/50       AC:  7    Str:  8    XL:     7   Next: 23%
Magic:  10/10      EV:  8    Int: 14    God:
Gold:   150        SH:  0    Dex: 17    Spells: 9/10 levels left

rFire   . . .        a - +2 dagger (venom)
rCold   + + +        (no shield)
rNeg    . . .        g - +0 scale mail
rPois   +            (no helmet)
rElec   .            (no cloak)
rCorr   .            w - +0 pair of gloves
SInv    .            (no boots)
Will    .....        p - amulet of Tojezuum {Rampage *Corrode Fly rC+++ Regen+}
Stlth   +            n - ring of poison resistance
HPRegen 1.08/turn    (no ring)
MPRegen 0.12/turn

%: corrode self (3%), rampage
@: flying
A: (nimble swimmer 2), mertail
a: no special abilities


You were on level 5 of the Dungeon.
You visited 1 branch of the dungeon, and saw 5 of its levels.

You collected 150 gold pieces.

Inventory:

Hand Weapons
 a - a +2 dagger of venom (weapon)
 b - a +0 falchion
 d - a +0 spear
 q - a +2 short sword of holy wrath
Missiles
 l - 8 poisoned darts
Armour
 c - a +0 leather armour
 f - a +0 robe
 g - a +0 scale mail (worn)
 w - a +0 pair of gloves (worn)
Jewellery
 n - a ring of poison resistance (left hand)
 p - the amulet of Tojezuum (around neck) {Rampage *Corrode Fly rC+++ Regen+}
   (You found it on level 3 of the Dungeon)

   [amulet of regeneration]

   rC+++:     It renders you almost immune to cold.
   Fly:       It grants you flight.
   Regen+:    It increases your rate of health regeneration.
   *Corrode:  It may corrode you when you take damage.
   Rampage:   It bestows one free step when moving towards enemies.
Scrolls
 e - a scroll of silence {unknown}
 h - a scroll of immolation {unknown}
 j - a scroll of blinking {unknown}
 k - a scroll of fear {unknown}
 o - a scroll of brand weapon {unknown}
 r - 2 scrolls of amnesia {unknown}
Potions
 i - a potion of magic
 m - a potion of ambrosia
 s - a potion of degeneration {unknown}
 t - a potion of curing {unknown}
 u - a potion of brilliance
 x - a potion of cancellation {unknown}


   Skills:
 - Level 2.1 Fighting
 + Level 8.0 Long Blades
 - Level 2.3 Polearms
 - Level 2.6 Dodging
 - Level 2.1 Stealth
 - Level 2.0 Spellcasting
 - Level 0.7 Conjurations
 - Level 2.4 Earth Magic


You had 9 spell levels left.
You knew the following spells:

 Your Spells              Type           Power      Damage    Failure   Level
a - Sandblast             Erth           16%        2d6       67%         1

Your spell library contained the following spells:

 Spells                   Type           Power      Damage    Failure   Level
 Passwall                 Erth           8%         N/A       95%         3
 Stone Arrow              Conj/Erth      10%        3d7       98%         3
 Brom's Barrelling Bould  Conj/Erth      5%         2d3       100%        4
 Petrify                  Alch/Erth      4%         N/A       100%        4


Dungeon Overview and Level Annotations

Branches:
Dungeon (5/15)
 Temple: D:4-7

Altars:

Annotations:
D:1 2 transporters


Innate Abilities, Weirdness & Mutations

((You are very nimble when in or above water. (Stealth+, EV+, Speed+++)))
Your lower body shifts to a powerful aquatic tail in water.


Message History

There is an entrance to an ossuary on this level.
Hurry and find it before the portal is buried!
There is a stone staircase leading up here.
There is a stone staircase leading up here.
An ogre comes into view. It is wielding a +0 giant club.
The ogre shouts!
A hound comes into view.
The hound barks!
You barely miss the ogre. You hit the ogre.
The ogre is poisoned.
The ogre is lightly wounded.
The ogre barely misses you.
You barely miss the ogre.
The ogre is lightly wounded.
You barely miss the ogre.
The ogre is lightly wounded.
The hound bites you but does no damage. The ogre closely misses you.
The hound bites you but does no damage.
You hit the ogre.
The ogre looks as sick as possible!
The ogre is moderately wounded.
The hound bites you. The ogre attacks as it pursues you!
The ogre closely misses you.
You completely miss the ogre.
The ogre is heavily wounded.
The ogre hits you with a +0 giant club!!
Ouch! That really hurt!
* * * LOW HITPOINT WARNING * * *
You are too injured to fight recklessly!
Unknown command.
You feel much better.
You closely miss the ogre.
The ogre is heavily wounded.
The ogre hits you with a +0 giant club!!
Ouch! That really hurt!
* * * LOW HITPOINT WARNING * * *
You hit the ogre.
The ogre looks as sick as possible!
The ogre is severely wounded.
You hit the ogre but do no damage.
The ogre is almost dead.
The ogre hits you with a +0 giant club!
You die...

## ## ... .# #.# .#
#.# .# #.# .# #.# .#
#######.####.###...
........@Oh........
#########..###..##...
........<..# ...#
###........# ....#
#.#####..# .#.... ..
#..# ....... # ####
.. .... .. ....


You could see an ogre (extremely poisoned) and a hound.

Vanquished Creatures
  Grinder (D:4)
  An ice beast (D:4)
  A sky beast (D:4)
  2 hounds (D:4)
  2 adders (D:2)
  3 dart slugs
  4 ball pythons
  9 bats
  3 endoplasms
  A giant cockroach (D:1)
  10 goblins
  8 hobgoblins
  8 jackals
  3 quokkas
  A frilled lizard (D:1)
  8 kobolds
  7 rats
72 creatures vanquished.

Notes
Turn   | Place    | Note
-------+----------+-------------------------------------------
     0 | D:1      | SnakkuSnakku7 the Merfolk Earth Elementalist began the
                  | quest for the Orb.
     0 | D:1      | Reached XP level 1. HP: 13/13 MP: 3/3
    75 | D:1      | Reached skill level 1 in Polearms
    78 | D:1      | Reached XP level 2. HP: 13/20 MP: 5/5
   228 | D:1      | Reached skill level 1 in Fighting
   394 | D:1      | Reached XP level 3. HP: 24/27 MP: 6/6
   994 | D:2      | Reached skill level 1 in Long Blades
  1174 | D:2      | Reached skill level 2 in Long Blades
  1174 | D:2      | Reached XP level 4. HP: 28/33 MP: 7/7
  1448 | D:3      | Identified the amulet of Tojezuum {Rampage *Corrode Fly
                  | rC+++ Regen+}
  1451 | D:3      | Reached skill level 3 in Long Blades
  2238 | D:4      | Noticed Grinder
  2240 | D:4      | Paralysed by Grinder for 5 turns
  2250 | D:4      | Paralysed by Grinder for 4 turns
  2254 | D:4      | HP: 1/33 [Grinder (3)]
  2258 | D:4      | Paralysed by Grinder for 3 turns
  2271 | D:4      | Killed Grinder
  2272 | D:4      | Reached skill level 6 in Long Blades
  2272 | D:4      | Reached XP level 5. HP: 32/38 MP: 8/8
  2272 | D:4      | Reached XP level 6. HP: 37/44 MP: 9/9
  2363 | D:4      | Noticed a sky beast
  2382 | D:4      | Killed a sky beast
  2383 | D:4      | Reached skill level 7 in Long Blades
  2434 | D:4      | Noticed an ice beast
  2444 | D:4      | Killed an ice beast
  2445 | D:4      | Reached XP level 7. HP: 42/50 MP: 10/10
  2495 | D:4      | Reached skill level 8 in Long Blades
  2878 | D:5      | Entered Level 5 of the Dungeon
  2902 | D:5      | Slain by an ogre

Illustrated notes

Levels and vault maps discovered:
D:1:      spicycebolla_arrival_transporter_tutorial, layout_basic
D:2:      layout_basic
D:3:      layout_loops_cross, kennysheep_big_empty_room,
          nicolae_underground_beach
D:4:      layout_gridville, reono_crystal_passage, uniq_grinder
D:5:      layout_basic, mainiacjoe_overflow_catwalk_spiral, enter_ossuary_3,
          uniq_crazy_yiuf_cottage

Skill      XL: |  1  2  3  4  5  6  7 |
---------------+----------------------+-----
Polearms       | 1 2 |  2.3
Fighting       | 1 2 |  2.1
Long Blades    | 2 6 7 8 |  8.0
Dodging        | |  2.6
Stealth        | |  2.1
Spellcasting   | |  2.0
Conjurations   | |  0.7
Earth Magic    | |  2.4

Action                     |  1- 3 |  4- 6 |  7- 9 || total
---------------------------+-------+-------+-------++-------
  Melee: Spear             |    43 |       |       ||    43
         Dagger            |    89 |    78 |    27 ||   194
         Punch             |     3 |       |       ||     3
         Short sword       |       |    12 |       ||    12
    Use: Potion            |       |     3 |     1 ||     4
         Scroll            |       |     1 |     1 ||     2
   Stab: Sleeping          |     1 |       |       ||     1
 Armour: Leather armour    |    27 |       |       ||    27
         Scale mail        |    62 |    68 |    18 ||   148
  Dodge: Dodged            |    79 |    31 |     9 ||   119
